 Dungeon Crawl Stone Soup version 0.28-a0-1199-gef9e1dbd39 (webtiles) character file.

Game seed: 4747619465879475309

208 ytrimaz the Insei (level 5, 0/34 HPs)
             Began as an Octopode Transmuter on Dec 20, 2021.
             Slain by a frilled lizard (3 damage)
             ... on level 2 of the Dungeon.
             The game lasted 00:01:32 (1191 turns).

ytrimaz the Insei (Octopode Transmuter)             Turns: 1191, Time: 00:01:33

Health: 0/34       AC:  1    Str:  9    XL:     5   Next: 86%
Magic:  7/9        EV: 13    Int: 17    God:
Gold:   23         SH:  0    Dex: 13    Spells: 4/10 levels left

rFire   . . .      SeeInvis .     - Unarmed
rCold   . . .      Faith    .   (no shield)
rNeg    . . .      Spirit   .   (helmet restricted)
rPois   .          Reflect  .   (no amulet)
rElec   .          Harm     .   (no ring)
rCorr   .          Rampage  .   (no ring)
Will    .....                   (no ring)
Stlth   ++........              (no ring)
HPRegen 0.11/turn               (no ring)
MPRegen 0.11/turn               (no ring)
                                (no ring)
                                (no ring)

@: no status effects
A: almost no armour, amphibious, 8 rings, camouflage 1, gelatinous body 1,
(nimble swimmer 1), tentacles
a: no special abilities


You were on level 2 of the Dungeon.
You visited 1 branch of the dungeon, and saw 2 of its levels.

You collected 23 gold pieces.

Inventory:

Scrolls
 a - a scroll of magic mapping
 c - a scroll of brand weapon


   Skills:
 * Level 2.1 Fighting
 * Level 2.7 Dodging
 + Level 4.1 Unarmed Combat
 * Level 3.1 Spellcasting
 * Level 3.1 Transmutations
 + Level 0.3 Poison Magic


You had 4 spell levels left.
You knew the following spells:

 Your Spells              Type           Power      Damage    Failure   Level
a - Beastly Appendage     Tmut           26%        N/A       4%          1
b - Wereblood             Tmut           13%        N/A       7%          2
c - Spider Form           Tmut/Pois      8%         N/A       26%         3

Your spell library contained the following spells:

 Spells                   Type           Power      Damage    Failure   Level
 Ice Form                 Ice/Tmut       8%         N/A       65%         4


Dungeon Overview and Level Annotations

Branches:
Dungeon (2/15)

Altars:

Annotations:
D:2 Terence


Innate Abilities, Weirdness & Mutations

You cannot wear most types of armour.
You are amphibious.
You can wear up to eight rings at the same time.
Your skin changes colour to match your surroundings (Stealth+).
Your rubbery body absorbs attacks. (AC +1, EV +1)
((You are camouflaged near water. (Stealth+)))
You have tentacles for arms and can constrict up to eight enemies at once.


Message History

You feel very sick.
A hobgoblin comes into view.
You feel less confused.
You feel very sick.
Unknown command.
You feel very sick.
Unknown command.
You feel very sick.
You aren't carrying any potions.
As you read the scroll of teleportation, it crumbles to dust.
You feel strangely unstable.
* * * LOW HITPOINT WARNING * * *
You feel sick. Terence closely misses you.
Unknown command.
You feel sick.
You feel sick.
Your surroundings suddenly seem different.
Floosh!
A rat, an endoplasm and 2 kobolds come into view.
You feel sick.
The kobold shouts! x2
Unknown command.
You feel sick.
Unknown command.
You feel sick.
You feel sick.
You feel sick.
You are no longer poisoned.
Unknown command.
Found a stone staircase leading down.
Found 14 arrows.
A frilled lizard comes into view.
Found a robe.
A frilled lizard comes into view.
The frilled lizard hisses angrily. x2
There is a stone staircase leading down here.
The frilled lizard bites you.
* * * LOW HITPOINT WARNING * * *
The frilled lizard bites you.
You die...

##+ ## #... #.
#... #.########
+....#...(.....
#....##@l......
......l.....#..
...###.K.[..#
.# #......# ..#
###.J#+###...#
#...K#.###...#
#............
#........#..
#...##...#


You could see an endoplasm, 2 kobolds and 2 frilled lizards.

Vanquished Creatures
  Sigmund (D:2)
  Jessica (D:2)
  3 dart slugs (D:1)
  A ball python (D:2)
  A bat (D:1)
  3 endoplasms (D:1)
  2 giant cockroaches (D:1)
  A goblin (D:1)
  A hobgoblin (D:1)
  2 jackals (D:1)
  A quokka (D:1)
  2 kobolds
19 creatures vanquished.

Notes
Turn   | Place    | Note
-------+----------+-------------------------------------------
     0 | D:1      | ytrimaz the Octopode Transmuter began the quest for the
                  | Orb.
     0 | D:1      | Reached XP level 1. HP: 13/13 MP: 3/3
    77 | D:1      | Reached XP level 2. HP: 7/18 MP: 5/5
   658 | D:1      | Learned a level 2 spell: Wereblood
   866 | D:1      | Reached XP level 3. HP: 19/23 MP: 4/6
   870 | D:1      | Learned a level 3 spell: Spider Form
   971 | D:2      | Noticed Jessica
   999 | D:2      | Killed Jessica
  1091 | D:2      | Noticed Sigmund
  1159 | D:2      | Noticed Terence
  1164 | D:2      | Killed Sigmund
  1165 | D:2      | Reached skill level 4 in Unarmed Combat
  1165 | D:2      | Reached XP level 4. HP: 21/29 MP: 4/8
  1165 | D:2      | Reached XP level 5. HP: 25/34 MP: 4/9
  1191 | D:2      | Slain by a frilled lizard

Illustrated notes

Levels and vault maps discovered:
D:1:      heliophobic_arrival_ceremonial_halls, layout_basic
D:2:      layout_basic, moated_statue, serial_bayou_pond_b,
          minmay_misc_feat_doors, uniq_terence, uniq_jessica, uniq_sigmund

Skill      XL: |  1  2  3 |
---------------+----------+-----
Fighting       | 2 |  2.1
Unarmed Combat | 4 |  4.1
Spellcasting   | 3 |  3.1
Transmutations | 3 |  3.1
Dodging        | |  2.7
Poison Magic   | |  0.3

Action                   |  1- 3 |  4- 6 || total
-------------------------+-------+-------++-------
Melee: Unarmed           |    45 |       ||    45
       Kick              |     5 |       ||     5
       Constrict         |     9 |       ||     9
       Tentacles         |     6 |       ||     6
 Cast: Beastly Appendage |     6 |       ||     6
       Spider Form       |     2 |       ||     2
  Use: Scroll            |     7 |     1 ||     8
       Potion            |     1 |       ||     1
 Stab: Sleeping          |     4 |       ||     4
Armor: Skin              |     5 |       ||     5
Dodge: Dodged            |    28 |     1 ||    29

Table legend: (Time is in decaauts)
 A = Elapsed time spent in this place.
 B = Non-inter-level travel time spent in this place.
 C = Inter-level travel time spent in this place.
 D = Time resting spent in this place.
 E = Time spent auto-exploring this place.
 F = Levels seen in this place.
 G = Mean time per level.
                   A        B        C        D        E       F      G
               +--------+--------+--------+--------+--------+-----+--------+
         Total |   1188 |   1176 |     12 |    322 |    629 |   2 |  594.0 |
       Dungeon |   1188 |   1176 |     12 |    322 |    629 |   2 |  594.0 |
               +--------+--------+--------+--------+--------+-----+--------+

Top non-repeatable levels by time:
     D:1: 964 daAuts
     D:2: 224 daAuts
